Map: Orbital Shipyard

Players

LilDicky - Winner!

  • Race: Terran Terran
  • League: Diamond

Haxrawr

  • Race: Protoss Protoss
  • League: Diamond

VOD

http://www.twitch.tv/tumescentpie

Description

Time

  • Played on: Nov. 29, 2015, 3:07 p.m.
  • Length: 6:49
Show
View Real Time Build Order
Export as new Build Order

LilDicky Terran - Winner!

Build Orders: MMM Bio 

Get SALT Encoding   

  12  0:01  SCV  
  13  0:13  SCV  
  14  0:18  Supply Depot  
  14  0:25  Refinery  
  14  0:27  SCV  
  15  0:40  SCV  
  16  0:47  Barracks  
  16  0:54  SCV  
  17  1:06  SCV  
  18  1:18  SCV  
  19  1:30  SCV  
  20  1:35  Supply Depot, Marine  
  21  1:41  Factory  
  21  1:43  Orbital Command  
  21  1:54  Marine  
  22  2:06  Barracks  
  22  2:09  Barracks  
  22  2:13  SCV  
  23  2:30  Barracks Reactor  
  23  2:38  SCV  
  24  2:50  SCV, Refinery  
  25  2:52  Supply Depot  
  25  2:53  Widow Mine  
  25  2:55  Barracks Tech Lab  
  25  2:56  Barracks Tech Lab  
  27  3:02  SCV  
  28  3:07  Marine x2  
  30  3:14  SCV  
  30  3:18  Supply Depot  
  31  3:26  Widow Mine  
  31  3:29  Combat Shields, Stimpack  
  32  3:36  Marine x3  
  32  3:38  Marine  
  36  3:53  Marine  
  36  3:54  Marine x2  
  34  4:08  Marine  
  34  4:09  Widow Mine  
  31  4:11  Marine x2  
  31  4:13  Marine  
  34  4:21  SCV  
  35  4:25  Starport  
  35  4:26  Supply Depot, Marine  
  35  4:29  Marine x2  
  38  4:33  SCV  
  38  4:34  Marine  
  40  4:43  Marine  
  41  4:49  Widow Mine  
  41  4:50  Marine x2  
  41  4:52  Marine  
  46  5:04  Marine  
  47  5:08  SCV, Marine, Medivac  
  47  5:11  Supply Depot  
  45  5:30  Marine x2  
  45  5:31  Marauder x2  
  51  5:42  Medivac  
  51  5:48  Marine x2  
  51  5:49  Concussive Shells  
  53  5:52  Marauder, Marine  
  56  5:58  Supply Depot  
  56  6:06  Marine  
  56  6:07  Supply Depot  
  57  6:13  Marauder  
Show
View Real Time Build Order
Export as new Build Order

Haxrawr Protoss 

Build Orders:  

Get SALT Encoding   

  12  0:02  Probe (Chrono Boost)  
  13  0:12  Probe (Chrono Boost)  
  14  0:18  Pylon  
  14  0:23  Probe (Chrono Boost)  
  15  0:36  Probe (Chrono Boost)  
  15  0:37  Gateway  
  16  0:44  Assimilator  
  16  0:47  Probe (Chrono Boost)  
  17  0:57  Probe (Chrono Boost)  
  18  1:08  Probe (Chrono Boost)  
  20  1:18  Probe (Chrono Boost)  
  20  1:26  Cybernetics Core  
  20  1:32  Gateway  
  20  1:34  Pylon  
  20  1:38  Assimilator  
  20  1:53  Probe (Chrono Boost)  
  21  2:03  Adept (Chrono Boost), Warp Gate  
  21  2:06  Probe  
  24  2:26  Mothership Core  
  24  2:29  Adept (Chrono Boost)  
  27  2:30  Adept (Chrono Boost)  
  29  2:42  Nexus  
  29  2:49  Pylon  
  29  2:57  Adept (Chrono Boost)  
  31  3:11  Adept (Chrono Boost)  
  33  3:21  Probe  
  33  3:43  Probe  
  34  3:51  Robotics Facility  
  33  3:55  Probe  
  30  4:09  Mothership Core  
  29  4:30  Probe  
  29  4:36  Stalker x2  
  33  4:42  Probe  
  34  4:51  Observer (Chrono Boost)  
  35  4:54  Probe  
  35  5:04  Probe  
  35  5:06  Probe  
  33  5:14  Probe  
  33  5:18  Probe  
  35  5:25  Probe  
  35  5:31  Probe  
  35  5:35  Probe  
  36  5:43  Probe  
  36  5:44  Warp Prism (Chrono Boost)  
  38  5:52  Pylon  
  38  5:53  Probe  
  38  5:55  Probe  
  40  6:04  Probe  
  40  6:06  Gateway  
  29  6:34  Probe  
  29  6:35  Probe  
  29  6:39  Stalker x2  
Tags
 
Add a new tag
Caveats
  • Supply blocks, unpowered buildings, or Contaminate may cause inaccurate times.
  • Supply counts are checked every 10 seconds.